[Event "Titled Tuesday Blitz August 08 Early 2023"]
[White "Vaibhav Jayant Raut"]
[Black "Shuvalov, Evgenij"]
[WhiteFideId "5089034"]
[BlackFideId "4187237"]
[WhiteElo "2606"]
[BlackElo "2477"]
[Result "0-1"]
[Round "10"]
[TimeControl "180+1"]
[Date "2023.08.08"]
[WhiteClock "0:00:03"]
[BlackClock "0:00:42"]
[Board "94"]

1. Nf3 Nf6 2. g3 g6 3. Bg2 Bg7 4. O-O O-O 5. d3 d5 6. Nbd2 c5 7. e4 e6 8. Re1 Nc6 9. a4 b6 10. h4 Bb7 11. c3 Ba6 12. exd5 exd5 13. Nf1 Re8 14. Rxe8+ Qxe8 15. Bg5 h6 16. Bf4 Nh5 17. Be3 d4 18. cxd4 cxd4 19. Bc1 Rc8 20. a5 bxa5 21. Bd2 Bxd3 22. Bxa5 Be2 23. Qd2 Nxa5 24. Rxa5 d3 25. Ne3 Qc6 26. Nd5 Qc1+ 27. Kh2 Rc2 28. Ne7+ Kh7 29. Qxc1 Rxc1 30. Rxa7 Nf6 31. g4 Nxg4+ 32. Kg3 Ne5 33. Nd2 Rc2 34. Ne4 f5 35. Nf6+ Bxf6 36. Nd5+ Bg7 37. Nf6+ Kh8 38. Ra8+ Bf8 39. Rxf8+ Kg7 40. Nd7 Nxd7 41. Rd8 Nf6 42. h5 Nxh5+ 43. Kh2 d2 44. Rd7+ Kf6 45. Rxd2 Rxd2 0-1


[Site "https://www.chess.com"]

[Event "Titled Tuesday Blitz August 08 Early 2023"]
[White "Nguyen Hong Nhung"]
[Black "SmirnovAlexandrA"]
[WhiteFideId "12412201"]
[WhiteElo "2477"]
[BlackElo "2595"]
[Result "1/2-1/2"]
[Round "10"]
[TimeControl "180+1"]
[Date "2023.08.08"]
[WhiteClock "0:00:52"]
[BlackClock "0:01:25"]
[Board "95"]

1. e4 d5 2. exd5 Qxd5 3. Nc3 Qd6 4. d4 Nf6 5. Nf3 a6 6. g3 Bg4 7. Bg2 Nc6 8. O-O O-O-O 9. Be3 e5 10. dxe5 Nxe5 11. Qxd6 Nxf3+ 12. Bxf3 Bxd6 13. Bg2 h6 14. h3 Bf5 15. Rac1 Rhe8 16. Rfe1 Ne4 17. Nxe4 Bxe4 18. Bxe4 Rxe4 19. Kf1 Rde8 20. Bd4 Rxe1+ 21. Rxe1 Rxe1+ 22. Kxe1 g6 23. g4 Kd7 24. Ke2 Ke6 25. Be3 h5 26. gxh5 gxh5 27. Kf3 Kf5 28. b3 b5 29. Bd4 c6 1/2-1/2


[Site "https://www.chess.com"]

[Event "Titled Tuesday Blitz August 08 Early 2023"]
[White "Prokofiev, Valentyn"]
[Black "marik_spb"]
[WhiteFideId "14160161"]
[WhiteElo "2570"]
[BlackElo "2476"]
[Result "0-1"]
[Round "10"]
[TimeControl "180+1"]
[Date "2023.08.08"]
[WhiteClock "0:00:14"]
[BlackClock "0:00:19"]
[Board "96"]

1. Nf3 Nf6 2. c4 g6 3. Nc3 d5 4. cxd5 Nxd5 5. Qb3 Nxc3 6. Qxc3 f6 7. d4 Bg7 8. e3 Be6 9. Bd3 Nd7 10. h4 Bf7 11. h5 gxh5 12. Nh4 e6 13. Qc2 f5 14. Bd2 Rc8 15. Rc1 c5 16. Bb5 O-O 17. d5 exd5 18. Qxf5 Nf6 19. Bc3 d4 20. exd4 cxd4 21. O-O dxc3 22. Rcd1 Qb6 23. bxc3 Rc5 24. Qc2 Qxb5 25. Rb1 Qc6 26. Nf5 Re8 27. Rfe1 Bg6 28. Rxe8+ Qxe8 29. Qb3+ Qf7 30. Ne7+ Kf8 31. Nxg6+ hxg6 32. Qa3 Qe7 33. Qxa7 Rxc3 34. g3 Rc7 35. a4 Ng4 36. a5 Rd7 37. Qb8+ Kf7 38. Qf4+ Qf6 39. Qc4+ Qe6 40. Qf4+ Kg8 41. Rc1 Rf7 42. Qb8+ Kh7 43. a6 bxa6 44. Rf1 Bd4 45. Kh1 Nxf2+ 46. Rxf2 Bxf2 47. Kg2 Qe4+ 48. Kh2 Bxg3+ 49. Qxg3 Qe2+ 50. Kh3 Rf3 51. Qxf3 Qxf3+ 52. Kh2 Qg4 53. Kh1 h4 54. Kh2 h3 55. Kh1 Qg2# 0-1


[Site "https://www.chess.com"]

[Event "Titled Tuesday Blitz August 08 Early 2023"]
[White "favesaul"]
[Black "Santos Flores, Alberto"]
[BlackFideId "3601234"]
[WhiteElo "2474"]
[BlackElo "2559"]
[Result "1-0"]
[Round "10"]
[TimeControl "180+1"]
[Date "2023.08.08"]
[WhiteClock "0:01:46"]
[BlackClock "0:01:29"]
[Board "97"]

1. e4 e6 2. d4 d5 3. Nc3 Nf6 4. Bg5 Bb4 5. e5 h6 6. Be3 Ne4 7. Qg4 Kf8 8. a3 Bxc3+ 9. bxc3 c5 10. Bd3 cxd4 11. cxd4 Qa5+ 12. Kf1 Nd2+ 13. Ke2 Nc4 14. Nf3 Nc6 15. h4 Nb2 16. Bd2 Qa4 17. h5 Nxd3 18. cxd3 Bd7 19. Rh3 Na5 20. Rg3 Rh7 21. Nh4 Ke7 22. Bb4+ Ke8 23. Rf3 Qc2+ 24. Kf1 Nb3 25. Qf4 Nxa1 26. Qxf7+ Kd8 27. Qe7+ Kc7 28. Qd6+ 1-0


[Site "https://www.chess.com"]

[Event "Titled Tuesday Blitz August 08 Early 2023"]
[White "Veiga, Jose Francisco R P Neves"]
[Black "Toktomushev, Teimur"]
[WhiteFideId "1930087"]
[BlackFideId "14176726"]
[WhiteElo "2551"]
[BlackElo "2435"]
[Result "1-0"]
[Round "10"]
[TimeControl "180+1"]
[Date "2023.08.08"]
[WhiteClock "0:02:18"]
[BlackClock "0:00:02"]
[Board "98"]

1. e4 c5 2. Nf3 e6 3. d4 cxd4 4. Nxd4 a6 5. c4 Nf6 6. Nc3 Qc7 7. a3 b6 8. f3 Bb7 9. Be3 Be7 10. Be2 O-O 11. O-O d6 12. Qd2 Nbd7 13. Rfc1 Rac8 14. a4 Qb8 15. a5 bxa5 16. Rxa5 Rfd8 17. Raa1 h6 18. Bf1 Ne5 19. b3 d5 20. f4 Neg4 21. e5 Nxe3 22. Qxe3 Ng4 23. Qe2 h5 24. h3 Bc5 25. hxg4 Bxd4+ 26. Kh2 hxg4 27. Qxg4 g6 28. Qh4 dxc4 29. Bxc4 Bd5 30. Kg3 Bxc4 31. bxc4 Rxc4 32. Ne4 Rxc1 33. Rxc1 Qb3+ 34. Kh2 Ra8 35. Nf6+ Kf8 36. Qh8+ Ke7 37. Rc7# 1-0


[Site "https://www.chess.com"]

[Event "Titled Tuesday Blitz August 08 Early 2023"]
[White "Moral Garcia, Serafin"]
[Black "Herman, Daniel"]
[WhiteFideId "2201925"]
[BlackFideId "30935008"]
[WhiteElo "2543"]
[BlackElo "2415"]
[Result "1-0"]
[Round "10"]
[TimeControl "180+1"]
[Date "2023.08.08"]
[WhiteClock "0:00:19"]
[BlackClock "0:00:02"]
[Board "99"]

1. c4 e5 2. g3 c6 3. Nf3 e4 4. Nd4 d5 5. cxd5 cxd5 6. Bg2 Bc5 7. Nb3 Bb6 8. O-O Nf6 9. d3 O-O 10. Nc3 Bf5 11. dxe4 dxe4 12. Bg5 h6 13. Qxd8 Bxd8 14. Be3 Nc6 15. h3 Ne5 16. Nc5 Nc4 17. Bd4 Bb6 18. b3 Rad8 19. Bxf6 gxf6 20. N5xe4 Nd2 21. Rfd1 Nxe4 22. Nxe4 Kg7 23. g4 Bg6 24. Ng3 Bd4 25. Rac1 a5 26. Be4 Be5 27. Bxb7 Bxg3 28. fxg3 Rfe8 29. Bf3 Kf8 30. Kf2 Rc8 31. Rxc8 Rxc8 32. Rd5 a4 33. bxa4 Rc2 34. a5 Rxa2 35. h4 Kg7 36. h5 Bh7 37. Ke3 Kf8 38. Kd4 Ra4+ 39. Kc3 Ke7 40. Kb3 Ra1 41. Kb4 Ke6 42. Rb5 Bc2 43. Rb6+ Ke7 44. a6 Bd1 45. Rb7+ Kf8 46. a7 Kg7 47. Kc5 Rc1+ 48. Kb6 Rb1+ 49. Kc7 Rc1+ 50. Kb8 1-0


[Site "https://www.chess.com"]

[Event "Titled Tuesday Blitz August 08 Early 2023"]
[White "Souleidis, Georgios"]
[Black "Vifleemskaia, Svetlana"]
[WhiteFideId "4206827"]
[BlackFideId "4129490"]
[WhiteElo "2540"]
[BlackElo "2394"]
[Result "1-0"]
[Round "10"]
[TimeControl "180+1"]
[Date "2023.08.08"]
[WhiteClock "0:00:54"]
[BlackClock "0:00:03"]
[Board "100"]

1. e4 e5 2. Nc3 Nf6 3. d4 exd4 4. Qxd4 Nc6 5. Qd3 Bb4 6. Bd2 d6 7. O-O-O Be6 8. Kb1 Ne5 9. Qg3 Qe7 10. f4 Bxc3 11. Bxc3 Nxe4 12. Qxg7 Nxc3+ 13. bxc3 Ng6 14. Qd4 c5 15. Bb5+ Bd7 16. Bxd7+ Qxd7 17. Re1+ Kd8 18. Qf6+ Kc7 19. Nf3 Rhe8 20. Ng5 Rxe1+ 21. Rxe1 Re8 22. Rd1 Qe7 23. Qxf7 Qxf7 24. Nxf7 Nxf4 25. Nxd6 Re2 26. g3 Ng2 27. Nf5 Ne3 28. Nxe3 Rxe3 29. Rd5 Kc6 30. Rh5 Re7 31. c4 b5 32. Rh6+ Kc7 33. cxb5 c4 34. Kb2 Re5 35. a4 Re7 36. Kc3 1-0


[Site "https://www.chess.com"]

[Event "Titled Tuesday Blitz August 08 Early 2023"]
[White "LeoLV10"]
[Black "Melikhov, Evgeny V."]
[BlackFideId "4122046"]
[WhiteElo "2531"]
[BlackElo "2369"]
[Result "0-1"]
[Round "10"]
[TimeControl "180+1"]
[Date "2023.08.08"]
[WhiteClock "0:00:14"]
[BlackClock "0:00:11"]
[Board "101"]

1. e4 e5 2. Nf3 Nc6 3. Bb5 a6 4. Ba4 Nf6 5. O-O Nxe4 6. d4 b5 7. Bb3 d5 8. dxe5 Be6 9. c3 Bc5 10. Nd4 Nxe5 11. f3 Nd6 12. Kh1 O-O 13. Re1 Qf6 14. Be3 Bb6 15. Nd2 Nec4 16. Nxc4 Nxc4 17. Bxc4 bxc4 18. Nxe6 fxe6 19. Bd2 e5 20. Qe2 Rae8 21. Rad1 c6 22. b3 e4 23. f4 e3 24. Bc1 Qxf4 25. Rf1 Qe4 26. bxc4 Qxc4 27. Rfe1 Qxe2 28. Rxe2 Rf2 29. Rde1 Rxe2 30. Rxe2 c5 31. Rxe3 Rxe3 32. Bxe3 d4 33. cxd4 cxd4 34. Bd2 Kf7 35. Kg1 Ke6 36. Kf1 Kd5 37. Ke2 Ke4 38. Bb4 d3+ 39. Kd1 Be3 40. Bc3 g6 41. Bf6 h5 42. Bd8 g5 43. h3 g4 44. hxg4 hxg4 45. Bc7 Bg5 46. Bg3 Ke3 47. Be1 Be7 48. Bg3 Bb4 49. Bh4 Ba3 50. Be1 a5 51. Bh4 a4 52. Be1 Be7 53. Bg3 Bg5 54. Be1 Bf4 55. Bd2+ Ke4 56. Be1 g3 57. Bc3 Be3 58. Be1 Kf4 59. Ba5 Bf2 60. Kd2 Ke4 61. Bc7 Be3+ 62. Kd1 Bf4 63. Bb6 Kd5 64. Ba5 Kc4 65. Be1 Kd4 66. Ba5 Be5 67. Be1 Ke3 68. Kc1 Ke2 69. Bd2 Bd4 70. Bf4 Be3+ 71. Bxe3 Kxe3 72. Kd1 Ke4 73. Kd2 Kd4 74. Kd1 Kc3 75. a3 Kb3 76. Kd2 Kxa3 77. Kxd3 Kb2 78. Kd2 a3 79. Ke3 a2 80. Kf3 a1=Q 81. Kg4 Kc3 82. Kh3 Kd4 83. Kg4 Ke4 84. Kh3 Qe5 85. Kg4 Qf4+ 86. Kh3 Qh6+ 87. Kg4 Ke5 88. Kxg3 Kf5 89. Kf3 Qf4+ 90. Ke2 Kg4 91. Kd3 Kg3 92. Kc2 Kxg2 93. Kb3 0-1


[Site "https://www.chess.com"]

[Event "Titled Tuesday Blitz August 08 Early 2023"]
[White "Gontcharov, Vladislav"]
[Black "Mazurkiewicz, Michal"]
[WhiteFideId "4123492"]
[BlackFideId "1124943"]
[WhiteElo "2526"]
[BlackElo "2396"]
[Result "0-1"]
[Round "10"]
[TimeControl "180+1"]
[Date "2023.08.08"]
[WhiteClock "0:00:00"]
[BlackClock "0:00:43"]
[Board "102"]

1. d4 Nf6 2. c4 d6 3. Nc3 g6 4. Nf3 Bg7 5. Bg5 O-O 6. e3 c5 7. Be2 Nc6 8. d5 Ne5 9. Nd2 h6 10. Bh4 g5 11. Bg3 Ng6 12. O-O e5 13. dxe6 Bxe6 14. Bf3 Rb8 15. Qc2 Ne5 16. Rad1 Nxf3+ 17. gxf3 Nh5 18. Nde4 Nxg3 19. hxg3 Bxc4 20. Rfe1 Be6 21. Nxd6 Qa5 22. a3 b5 23. Nce4 Rfd8 24. Nxc5 Rxd6 25. Rxd6 Qxe1+ 26. Kg2 Bc4 27. Ne4 Bf1+ 28. Kh2 Be2 29. Nf6+ Bxf6 30. Rxf6 Qxf2+ 0-1


[Site "https://www.chess.com"]

[Event "Titled Tuesday Blitz August 08 Early 2023"]
[White "Berezin, Viktor"]
[Black "Fominykh, Maria"]
[WhiteFideId "14107872"]
[BlackFideId "4142411"]
[WhiteElo "2521"]
[BlackElo "2302"]
[Result "1/2-1/2"]
[Round "10"]
[TimeControl "180+1"]
[Date "2023.08.08"]
[WhiteClock "0:00:08"]
[BlackClock "0:00:04"]
[Board "103"]

1. d4 Nf6 2. Nf3 g6 3. g3 Bg7 4. Bg2 O-O 5. O-O d6 6. a4 c6 7. a5 Qc7 8. Nc3 e5 9. e4 Re8 10. h3 Na6 11. Re1 b6 12. d5 cxd5 13. exd5 bxa5 14. Be3 Rb8 15. Qc1 Nb4 16. Nd2 Bf5 17. Nde4 Bxe4 18. Nxe4 Nfxd5 19. Re2 Nxe3 20. fxe3 d5 21. Ng5 h6 22. Nf3 d4 23. c3 Nd3 24. Qd2 Nxb2 25. cxd4 Nc4 26. Qc3 exd4 27. Nxd4 Rbc8 28. Rc1 Qd7 29. Qe1 Nxe3 30. Rxc8 Qxc8 31. Nf3 Qc5 32. Kh2 Re6 33. Bh1 a4 34. Qb1 Kh7 35. Nh4 a3 36. Qa2 Qd6 37. Bf3 Nf1+ 38. Kg1 Nxg3 39. Rd2 Qc5+ 40. Kg2 Nf5 41. Nxf5 Qxf5 42. Bg4 Qg5 43. Kh2 Rf6 44. Rg2 Qe5+ 45. Kg1 Qd4+ 46. Kh2 Qd6+ 47. Kg1 Qc5+ 48. Kh2 Rf4 49. Qb3 Be5 50. Rg3 Rf3 51. Qxf3 Bxg3+ 52. Kxg3 Qe5+ 53. Kg2 Qb2+ 54. Kg3 a2 55. Qxf7+ Kh8 56. Qe8+ Kh7 57. Qd7+ Kh8 58. Qe8+ Kh7 59. Qf7+ Kh8 60. Qf8+ Kh7 61. Qf7+ 1/2-1/2


[Site "https://www.chess.com"]

[Event "Titled Tuesday Blitz August 08 Early 2023"]
[White "Ncatt"]
[Black "Sreyas Payyappat"]
[BlackFideId "46674969"]
[WhiteElo "2355"]
[BlackElo "2520"]
[Result "1-0"]
[Round "10"]
[TimeControl "180+1"]
[Date "2023.08.08"]
[WhiteClock "0:00:15"]
[BlackClock "0:00:03"]
[Board "104"]

1. e4 c6 2. d4 d5 3. Nc3 dxe4 4. Nxe4 Nf6 5. Nxf6+ exf6 6. c3 Bd6 7. Bd3 O-O 8. Qc2 Re8+ 9. Ne2 h5 10. O-O h4 11. h3 Nd7 12. Bd2 Nf8 13. Rae1 Qc7 14. c4 b6 15. Bc3 Bd7 16. b4 Ne6 17. a3 c5 18. d5 Ng5 19. f4 Rxe2 20. Qxe2 Bxf4 21. bxc5 Qxc5+ 22. Kh1 Bg3 23. Bb4 Qc7 24. Rd1 Re8 25. Qd2 Qe5 26. Bc3 Qe3 27. Qxe3 Rxe3 28. Bd4 Re7 29. Bf2 Bxf2 30. Rxf2 Re3 31. Re2 Rg3 32. d6 f5 33. Rf2 g6 34. Rf4 Bc6 35. Bf1 Nxh3 36. d7 Bxd7 37. gxh3 Bc6+ 38. Kh2 Rxa3 39. Rxh4 Be4 40. Rd2 Rc3 41. Bg2 Rxc4 42. Re2 g5 43. Rh6 f6 44. Rxf6 Kg7 45. Rd6 b5 46. Rd7+ Kf6 47. Rxa7 b4 48. Ra6+ Ke5 49. Bxe4 fxe4 50. Rg6 Kf4 51. Rb6 Kf3 52. Rb2 e3 53. Rf6+ Rf4 54. Re6 Rd4 55. Rb3 Rd2+ 56. Kg1 Rd1+ 57. Kh2 Rd2+ 58. Kh1 Re2 59. Rxb4 Kg3 60. Rg4+ Kxh3 61. Rxg5 Kh4 62. Rg1 1-0


[Site "https://www.chess.com"]

[Event "Titled Tuesday Blitz August 08 Early 2023"]
[White "Preobrazhenska_D2011"]
[Black "Palczert, Matyas"]
[BlackFideId "784958"]
[WhiteElo "2297"]
[BlackElo "2520"]
[Result "0-1"]
[Round "10"]
[TimeControl "180+1"]
[Date "2023.08.08"]
[WhiteClock "0:00:01"]
[BlackClock "0:00:01"]
[Board "105"]

1. e4 c5 2. Nf3 e6 3. g3 Nc6 4. Bg2 Nf6 5. Qe2 e5 6. c3 d6 7. O-O Be7 8. Rd1 O-O 9. d3 h6 10. Nbd2 Re8 11. Nf1 Bf8 12. Ne3 d5 13. exd5 Nxd5 14. Nxd5 Qxd5 15. Ng5 Qd8 16. Ne4 f5 17. Nd2 Be6 18. Nc4 Bd5 19. f3 b5 20. Ne3 f4 21. Nxd5 Qxd5 22. Qe4 Qxe4 23. fxe4 g5 24. Kf2 Rad8 25. Bf3 c4 26. dxc4 Bc5+ 27. Kg2 Rxd1 28. Bxd1 Rd8 29. Be2 b4 30. g4 Bb6 31. cxb4 Nxb4 32. a3 Nc2 33. Rb1 Nd4 34. Bd1 Ne6 35. Bf3 Rd3 36. Be2 Rb3 37. Bd1 Rd3 38. Bc2 f3+ 39. Kf1 Rd8 40. b3 Nf4 41. Bxf4 gxf4 42. Rd1 Bd4 43. Rd3 f2 44. b4 Kf7 45. c5 Kg6 46. c6 a6 47. a4 Rb8 48. Rb3 Rc8 49. b5 Kg5 50. Bd3 axb5 51. axb5 Ra8 52. Rb1 Ra3 53. c7 Rc3 54. b6 Bxb6 55. Rxb6 Rxc7 56. Rb1 Kxg4 57. Kxf2 Rc3 58. Rg1+ Kh3 59. Bf1+ Kxh2 60. Rg2+ Kh1 61. Rg6 Rc2+ 62. Kf3 h5 63. Rh6 Kg1 64. Bd3 Rf2# 0-1


[Site "https://www.chess.com"]

[Event "Titled Tuesday Blitz August 08 Early 2023"]
[White "Aepfler, Christian"]
[Black "Shubenkova, Veronika"]
[WhiteFideId "4628306"]
[BlackFideId "44124040"]
[WhiteElo "2144"]
[BlackElo "2518"]
[Result "0-1"]
[Round "10"]
[TimeControl "180+1"]
[Date "2023.08.08"]
[WhiteClock "0:01:19"]
[BlackClock "0:02:36"]
[Board "106"]

1. e4 e6 2. d4 d5 3. Nd2 Nf6 4. e5 Nfd7 5. Bd3 c5 6. c3 Nc6 7. Ne2 a6 8. O-O b5 9. a3 Qb6 10. b4 c4 11. Bc2 a5 12. Bb2 Be7 13. f4 g6 14. Kh1 h5 15. Nf3 Bb7 16. Ng5 Nf8 17. h4 Nh7 18. Qb1 Nxg5 19. fxg5 Bd8 20. Bxg6 fxg6 21. Qxg6+ Kd7 22. Qg7+ Be7 23. Nf4 Rag8 24. Qf7 Nd8 0-1


[Site "https://www.chess.com"]

[Event "Titled Tuesday Blitz August 08 Early 2023"]
[White "Agibileg, Uurtsaikh"]
[Black "Dishman, Stephen"]
[WhiteFideId "4901606"]
[BlackFideId "403024"]
[WhiteElo "2651"]
[BlackElo "2400"]
[Result "1-0"]
[Round "10"]
[TimeControl "180+1"]
[Date "2023.08.08"]
[WhiteClock "0:02:45"]
[BlackClock "0:00:08"]
[Board "107"]

1. d4 d5 2. c4 c6 3. Nf3 Nf6 4. Nc3 dxc4 5. a4 Bf5 6. g3 e6 7. Bg2 Bb4 8. Ne5 Ne4 9. O-O Nxc3 10. bxc3 Bxc3 11. Ba3 Bxa1 12. Qxa1 f6 13. Nxc4 Qd7 14. Qb2 b6 15. Rc1 Kf7 16. Nd6+ Kg8 17. Nxf5 exf5 18. Qb3+ Qf7 19. Bd5 Qxd5 20. Qxd5+ cxd5 21. Rc8+ Kf7 22. Rxh8 a6 23. Bd6 b5 24. axb5 axb5 25. Rxb8 Rxb8 26. Bxb8 b4 27. Bd6 b3 28. Ba3 g5 29. Kf1 Ke6 30. Ke1 f4 31. g4 f5 32. f3 fxg4 33. fxg4 Kf6 34. Kd2 Kg6 35. Kc3 h5 36. h3 hxg4 37. hxg4 1-0


[Site "https://www.chess.com"]

[Event "Titled Tuesday Blitz August 08 Early 2023"]
[White "NovoselovRoman"]
[Black "Qiao, Cindy"]
[BlackFideId "2620243"]
[WhiteElo "2597"]
[BlackElo "2397"]
[Result "1-0"]
[Round "10"]
[TimeControl "180+1"]
[Date "2023.08.08"]
[WhiteClock "0:00:28"]
[BlackClock "0:00:00"]
[Board "108"]

1. e4 d5 2. exd5 Qxd5 3. d4 Nf6 4. Nc3 Qd6 5. Nf3 g6 6. Ne5 Bg7 7. Bc4 O-O 8. Bf4 Qd8 9. Qd2 a6 10. O-O-O b5 11. Bb3 Bb7 12. f3 e6 13. h4 Nd5 14. h5 Nxf4 15. Qxf4 Qf6 16. Qe3 Re8 17. Ne4 Bxe4 18. fxe4 Qe7 19. Rdf1 Rf8 20. Qh3 Qg5+ 21. Kb1 Qh6 22. Nxf7 Rxf7 23. Qxe6 1-0


[Site "https://www.chess.com"]

[Event "Titled Tuesday Blitz August 08 Early 2023"]
[White "Chudnovsky, Jacob"]
[Black "Przybylski, Wojciech"]
[WhiteFideId "2010046"]
[BlackFideId "1117599"]
[WhiteElo "2395"]
[BlackElo "2584"]
[Result "1-0"]
[Round "10"]
[TimeControl "180+1"]
[Date "2023.08.08"]
[WhiteClock "0:00:03"]
[BlackClock "0:00:00"]
[Board "109"]

1. e4 c5 2. Nf3 d6 3. d4 cxd4 4. Nxd4 Nf6 5. Nc3 a6 6. Bc4 e6 7. Bb3 Be7 8. g4 O-O 9. g5 Ne8 10. f4 Nc6 11. Be3 e5 12. Nf5 Bxf5 13. exf5 exf4 14. Bxf4 Bxg5 15. Qg4 Bxf4 16. Qxf4 Qe7+ 17. Kd2 Qe5 18. Qxe5 dxe5 19. Nd5 Rd8 20. Ke3 Nd6 21. f6 Nf5+ 22. Ke4 Nd6+ 23. Ke3 Nf5+ 24. Ke4 g6 25. Rad1 Rfe8 26. Rhf1 Ncd4 27. c3 Nd6+ 28. Ke3 N4f5+ 29. Ke2 Kf8 30. Nc7 h5 31. Nxe8 Rxe8 32. Rd5 Re6 33. Rfd1 Rxf6 34. Rxe5 h4 35. Bd5 Kg7 36. Bf3 Nc4 37. Rc5 Nxb2 38. Rd7 Nd6 39. Rcc7 Nbc4 40. Bxb7 Re6+ 41. Kf2 Rf6+ 42. Ke1 Ne5 43. Re7 Nec4 44. Bxa6 Nb2 45. Be2 Na4 46. c4 Nf5 47. Red7 Nc3 48. Bd3 Ne3 49. c5 Ncd5 50. Be4 Nxc7 51. Rxc7 Re6 52. Ke2 Nc4 53. Kd3 Ne5+ 54. Kd4 Ng4 55. Bd5 Re1 56. Rxf7+ Kh6 57. c6 Rd1+ 58. Kc5 Ne3 59. Be4 Rc1+ 60. Kd6 Kg5 61. c7 Nc4+ 62. Ke6 Nb6 63. Rg7 Kf4 64. Bxg6 h3 65. Kd6 Nc4+ 66. Kd7 Ne5+ 67. Kd8 Rd1+ 68. Ke8 Rc1 69. Bh5 Rc2 70. Kd8 Rd2+ 71. Kc8 Rxh2 72. Kb7 Rb2+ 73. Kc8 Rxa2 74. Be8 Rc2 75. Rh7 Kg3 76. Kd8 Rd2+ 77. Bd7 1-0


[Site "https://www.chess.com"]

[Event "Titled Tuesday Blitz August 08 Early 2023"]
[White "Bilan, Danila"]
[Black "Polaczek, Richard"]
[WhiteFideId "24161918"]
[BlackFideId "200026"]
[WhiteElo "2576"]
[BlackElo "2387"]
[Result "1-0"]
[Round "10"]
[TimeControl "180+1"]
[Date "2023.08.08"]
[WhiteClock "0:00:08"]
[BlackClock "0:00:00"]
[Board "110"]

1. d4 Nf6 2. Nf3 e6 3. Bg5 h6 4. Bh4 g5 5. Bg3 d6 6. Nbd2 Nh5 7. e3 Bg7 8. Bd3 Nd7 9. c3 Qe7 10. a4 a6 11. Ng1 Nxg3 12. hxg3 c5 13. a5 cxd4 14. cxd4 b6 15. axb6 Nxb6 16. Qb3 Qc7 17. Ne2 Bb7 18. O-O Bd5 19. Qb4 Rb8 20. Rfc1 Qd8 21. Rxa6 O-O 22. Qa5 Nc8 23. b4 Bb7 24. Qxd8 Rxd8 25. Ra5 Bf8 26. b5 Nb6 27. Nc4 Nd5 28. Ra7 Nb4 29. Bb1 Bd5 30. Na3 Ra8 31. Rcc7 Rxa7 32. Rxa7 Rc8 33. b6 Rb8 34. Nc3 Rxb6 35. Nxd5 exd5 36. Bf5 Kg7 37. g4 Na2 38. Be6 Kf6 39. Bxd5 1-0


[Site "https://www.chess.com"]

[Event "Titled Tuesday Blitz August 08 Early 2023"]
[White "Luong Phuong Hanh"]
[Black "only_strong_moves"]
[WhiteFideId "12401013"]
[WhiteElo "2387"]
[BlackElo "2560"]
[Result "1-0"]
[Round "10"]
[TimeControl "180+1"]
[Date "2023.08.08"]
[WhiteClock "0:00:22"]
[BlackClock "0:00:03"]
[Board "111"]

1. d4 d5 2. c4 dxc4 3. e3 Nf6 4. Bxc4 e6 5. Nf3 c5 6. O-O a6 7. dxc5 Qxd1 8. Rxd1 Bxc5 9. Be2 Nc6 10. b3 Ke7 11. Bb2 Bd7 12. Nc3 Rhd8 13. Na4 Bb4 14. Nb6 Rab8 15. Ne5 Be8 16. Nd3 Bd6 17. Nc4 b5 18. Nxd6 Rxd6 19. Ba3 b4 20. Bb2 Kf8 21. Ne5 Rbd8 22. Rxd6 Rxd6 23. Nc4 Rd8 24. Kf1 Ne4 25. Rc1 Nd2+ 26. Ke1 Ne4 27. f3 Nf6 28. e4 a5 29. Ne3 Nd4 30. Bc4 a4 31. e5 Nh5 32. Rd1 Nc6 33. bxa4 Ra8 34. Bb5 Ne7 35. Bxe8 Kxe8 36. Nc4 Rxa4 37. Nd6+ Kf8 38. Nb7 Nd5 39. Bd4 Rxa2 40. Bc5+ Kg8 41. Bxb4 Rb2 42. Rc1 g6 43. Rc8+ Kg7 44. Bf8+ Kg8 45. Bh6# 1-0


[Site "https://www.chess.com"]

[Event "Titled Tuesday Blitz August 08 Early 2023"]
[White "Krzywda, Andrzej"]
[Black "Baghdasaryan, Vahe"]
[WhiteFideId "1114565"]
[BlackFideId "13303139"]
[WhiteElo "2374"]
[BlackElo "2508"]
[Result "1/2-1/2"]
[Round "10"]
[TimeControl "180+1"]
[Date "2023.08.08"]
[WhiteClock "0:00:05"]
[BlackClock "0:00:04"]
[Board "112"]

1. e4 e5 2. Nf3 Nc6 3. Bb5 a6 4. Ba4 Nf6 5. O-O Be7 6. Re1 b5 7. Bb3 O-O 8. a4 b4 9. d3 Bc5 10. Bg5 h6 11. Bh4 g5 12. Bg3 d6 13. c3 Rb8 14. Nbd2 Na5 15. Bc2 Be6 16. d4 exd4 17. cxd4 Ba7 18. e5 dxe5 19. dxe5 Nd5 20. Qe2 Kg7 21. Qxa6 Bb6 22. Qd3 Rh8 23. Ne4 b3 24. Bb1 Nb4 25. Qe2 Bc4 26. Qd1 Qxd1 27. Rxd1 Rhd8 28. Re1 Nc2 29. Bxc2 bxc2 30. Nfd2 Bd3 31. e6 fxe6 32. Be5+ Kg6 33. Nc3 Nc4 34. Nxc4 Bxc4 35. a5 Bd4 36. Rac1 Bxe5 37. Rxe5 Rxb2 38. Ree1 Bb3 39. Kf1 Rd3 40. Re3 Rxc3 41. Rxc3 Rb1 42. a6 Rxc1+ 43. Ke2 Ra1 44. Kd2 Bd5 45. Rxc2 Rxa6 46. Ke3 c6 47. f3 Ra4 48. Rb2 Kf5 49. Rb8 Ra3+ 50. Kf2 e5 51. Rf8+ Ke6 52. Rh8 Ra2+ 53. Kg3 Kf5 54. Rxh6 e4 55. fxe4+ Bxe4 56. Rh8 Rxg2+ 57. Kh3 Rg1 58. Rf8+ Ke5 59. Re8+ Kd4 60. Rxe4+ Kxe4 1/2-1/2


[Site "https://www.chess.com"]

[Event "Titled Tuesday Blitz August 08 Early 2023"]
[White "Kanyamarala, Tarun"]
[Black "Topalov, Aleksandar"]
[WhiteFideId "45004714"]
[BlackFideId "925659"]
[WhiteElo "2503"]
[BlackElo "2363"]
[Result "0-1"]
[Round "10"]
[TimeControl "180+1"]
[Date "2023.08.08"]
[WhiteClock "0:01:44"]
[BlackClock "0:01:45"]
[Board "113"]

1. d4 e6 2. e4 d5 3. e5 Ne7 4. c3 Qd7 5. Bd3 b6 6. Qe2 a5 7. Nf3 Ba6 8. Bxa6 Nxa6 9. O-O Nf5 10. g4 Ne7 11. h3 h5 12. Bf4 hxg4 13. hxg4 Ng6 14. Bg3 c5 15. Nbd2 Nb8 16. Rfd1 Nc6 17. a4 cxd4 18. cxd4 Nb4 19. Nb1 Be7 20. Nc3 O-O 21. Kg2 Rfc8 22. Rh1 f6 23. Rh5 Kf7 24. exf6 Bxf6 25. Nb5 Rc2 26. Nd6+ Qxd6 27. Qxc2 Nxc2 28. Bxd6 Nxa1 0-1


[Site "https://www.chess.com"]

[Event "Titled Tuesday Blitz August 08 Early 2023"]
[White "Hirneise, Jens"]
[Black "dr_tatiana"]
[WhiteFideId "24614734"]
[WhiteElo "2500"]
[BlackElo "2370"]
[Result "0-1"]
[Round "10"]
[TimeControl "180+1"]
[Date "2023.08.08"]
[WhiteClock "0:00:00"]
[BlackClock "0:00:10"]
[Board "114"]

1. Nf3 d5 2. g3 c6 3. Bg2 Bg4 4. c4 Nd7 5. cxd5 cxd5 6. Qa4 Bf5 7. Nd4 Bxb1 8. Rxb1 e6 9. e4 dxe4 10. Bxe4 Qb6 11. O-O Nf6 12. Bg2 Bc5 13. Nb3 O-O 14. Nxc5 Nxc5 15. Qc2 Rfd8 16. d4 Na6 17. Be3 Nb4 18. Qb3 Nbd5 19. Qxb6 axb6 20. a3 b5 21. Rfc1 b4 22. axb4 h6 23. b5 Ra5 24. Bf1 Rda8 25. Bd2 Ra4 26. Bc4 Nb6 27. b3 Ra2 28. Be1 Nbd5 29. b4 R2a4 30. Bb3 Ra3 31. b6 Nxb6 32. b5 Nbd5 33. Kf1 b6 34. h3 Rd8 35. Kg2 Ne4 36. Rc6 Nef6 37. Bd2 Ne4 38. Bc1 Nec3 39. Bxa3 Nxb1 40. Bb2 Nd2 41. Bxd5 exd5 42. Rxb6 Nc4 43. Rc6 Nxb2 44. b6 Rb8 45. Rd6 Nc4 46. Rxd5 Rxb6 47. Rd8+ Kh7 48. Rc8 Nd6 49. Rc2 Kg6 50. h4 Kf6 51. Re2 Rb4 52. d5 Rd4 53. Ra2 Rxd5 54. Ra6 g6 55. Rb6 Kg7 56. Rb2 h5 57. Ra2 Ne4 58. Re2 Nf6 59. Rc2 Ng4 60. Rb2 Rd3 61. Ra2 Kh6 62. Rb2 f6 63. Ra2 g5 64. hxg5+ fxg5 65. Ra6+ Kg7 66. Ra7+ Kg6 67. Ra6+ Nf6 68. Ra2 Ne4 69. Ra6+ Kf5 70. Ra5+ Ke6 71. Kf1 Rd5 72. Ra6+ Kf5 73. Rh6 Kg4 74. Ke2 Rd2+ 75. Ke3 Rxf2 76. Kxe4 Re2+ 77. Kd3 Rg2 78. Ke3 Rxg3+ 79. Kf2 Rf3+ 80. Kg2 Ra3 81. Rh8 Ra2+ 82. Kg1 Kg3 83. Kf1 h4 84. Rb8 Ra3 85. Rb2 g4 0-1


[Site "https://www.chess.com"]